 Dungeon Crawl Stone Soup version 0.22.0-2-ge58baed0e8 (webtiles) character file.

360 Jannitor the Slasher (level 6, -2/55 HPs)
             Began as a Draconian Chaos Knight on Aug 12, 2018.
             Slain by a hound zombie (4 damage)
             ... on level 5 of the Dungeon.
             The game lasted 00:06:22 (6079 turns).

Jannitor the Slasher (Draconian Chaos Knight)       Turns: 6079, Time: 00:06:25

Health: -2/55      AC:  6    Str: 21    XL:     6   Next: 38%
Magic:  6/6        EV: 19    Int: 12    God:    Xom [....*.]
Gold:   234        SH:  0    Dex: 16    Spells: 2/5 levels left

rFire    + . .     SeeInvis .   a - +0 falchion (chaos)
rCold    . . .     Gourm    .   (no shield)
rNeg     . . .     Faith    .   (armour unavailable)
rPois    .         Spirit   .   (helmet restricted)
rElec    .         Reflect  .   (no cloak)
rCorr    .         Harm     .   (no gloves)
MR       .....                  (no boots)
Stlth    ++........             (no amulet)
HPRegen  0.18/turn              (no ring)
MPRegen  0.10/turn              (no ring)

@: mighty, agile, slowed, very slow
A: unfitting armour, clumsy 1, fire resistance 1, high mp 1, strong 1,
cold-blooded, AC +6
a: Renounce Religion


You were on level 5 of the Dungeon.
You worshipped Xom.
You were a beloved toy of Xom.
You were not hungry.

You visited 1 branch of the dungeon, and saw 5 of its levels.

You collected 234 gold pieces.

Inventory:

Hand Weapons
 a - a +0 falchion of chaos (weapon)
Jewellery
 g - an uncursed ring of magical power {unknown}
Scrolls
 d - 6 scrolls of identify
 e - a scroll of teleportation {unknown}
 h - 3 scrolls of remove curse
 i - 2 scrolls of enchant armour
 j - a scroll of amnesia
 l - a scroll of immolation {unknown}
 n - a scroll of fog
Potions
 c - a potion of might
 f - a potion of degeneration {unknown}
 m - a potion of magic
Comestibles
 b - 5 rations
 o - a chunk of flesh


   Skills:
 + Level 4.8 Fighting
 * Level 5.1 Long Blades
 + Level 3.6 Dodging
 + Level 1.6 Summonings


You had 2 spell levels left.
You knew the following spells:

 Your Spells              Type           Power        Failure   Level  Hunger
a - Call Canine Familiar  Summ           #.......     45%         3    ####...

Your spell library contained the following spells:

 Spells                   Type           Power        Failure   Level  Hunger
 Throw Frost              Conj/Ice       #.....       45%         2    ###....
 Summon Small Mammal      Summ           #...         17%         1    ##.....
 Freeze                   Ice            #...         32%         1    ##.....
 Summon Ice Beast         Ice/Summ       #.......     93%         4    #####..
 Ozocubu's Armour         Chrm/Ice       #.......     69%         3    ####...
 Call Imp                 Summ           #.......     26%         2    ###....
 Throw Icicle             Conj/Ice       #.......     97%         4    #####..
 Summon Lightning Spire   Summ/Air       #.......     93%         4    #####..
 Summon Guardian Golem    Hex/Summ       #.......     56%         3    ####...


Dungeon Overview and Level Annotations

Branches:
Dungeon (5/15)
 Temple: D:4-7

Altars:
Fedhas
Hepliaklqana
Sif Muna
Uskayaw
Wu Jian
Xom

Shops:
D:4 (


Innate Abilities, Weirdness & Mutations

Your plain brown scales are hard. (AC +6)
You cannot fit into any form of body armour.
You are cold-blooded and may be slowed by cold attacks.
You are clumsy. (Dex -2)
Your flesh is heat resistant. (rF+)
You have an increased reservoir of magic. (+10% MP)
Your muscles are strong. (Str +2)


Message History

You hit something.
Reactivating autopickup.
Your Long Blades skill increases to level 5!
You feel a bit more experienced.
The orc wizard points at you and mumbles some strange words.
The puff of frost misses you.
The orc priest invokes the aid of Beogh against you.
Beogh smites you!
* * * LOW HITPOINT WARNING * * *
The hound zombie closely misses you.
Unknown command.
It was a potion of might.
You feel very mighty all of a sudden.
Xom thinks this is hilarious!
The hound zombie barely misses you.
You riposte.
You closely miss the hound zombie.
The hound zombie is almost destroyed.
The hound zombie bites you.
You die...
Xom cackles wildly!

.........#...####.####.#
.........#.............#
.........#.......#.#####
....(....#.........#
.........#....#..###
.........#..>_####
#.%............#.....#
#..............#.....#
#.............oZ@....#
#.....$....?..ยง#5....#
#.....[......o.#....##
#...........o..######
#..............#
..$............#
...............#
.......o..o....#
...............#


You could see 3 orc wizards, a hound zombie and a friendly ufetubus.

Vanquished Creatures
  An ice beast (D:5)
  A scorpion (D:4)
  A hound (D:4)
  An orc priest (D:4)
  Terence (D:2)
  A hound skeleton (D:4)
  5 adders
  An ooze (D:3)
  2 dart slugs
  2 leopard geckos
  4 orcs
  2 giant cockroaches
  9 goblins
  5 hobgoblins
  6 jackals
  9 kobolds
  3 quokkas (D:3)
  2 ball pythons
  15 bats
  8 frilled lizards
  6 rats
85 creatures vanquished.

Vanquished Creatures (collateral kills)
  An adder (D:3)
  2 orcs (D:3)
3 creatures vanquished.

Grand Total: 88 creatures vanquished

Notes
Turn   | Place    | Note
-------+----------+-------------------------------------------
     0 | D:1      | Jannitor the Draconian Chaos Knight began the quest for the Orb.
     0 | D:1      | Reached XP level 1. HP: 19/19 MP: 1/1
    72 | D:1      | Reached XP level 2. HP: 9/26 MP: 2/2
    79 | D:1      | HP: 1/26 [kobold/club (5)]
   431 | D:1      | XOM: harmless Fire miscast
   483 | D:1      | XOM: harmless Chrm miscast
   545 | D:1      | Reached XP level 3. HP: 33/33 MP: 3/3
   838 | D:2      | XOM: give mutations
   838 | D:2      | Gained mutation: Your flesh is heat resistant. (rF+) [Xom's grace]
   838 | D:2      | Gained mutation: You have an increased reservoir of magic. (+10% MP) [Xom's grace]
   991 | D:2      | XOM: 2-stop teleportation journey
  1359 | D:2      | XOM: 3-stop teleportation journey
  1385 | D:2      | XOM: cloud trail
  1637 | D:2      | Noticed Terence
  1658 | D:2      | Killed Terence
  1658 | D:2      | Reached XP level 4. HP: 38/40 MP: 4/4
  1876 | D:3      | XOM: harmless Erth miscast
  1890 | D:3      | Reached skill level 4 in Long Blades
  2155 | D:3      | XOM: 2-stop teleportation journey
  2160 | D:3      | Learned a level 3 spell: Call Canine Familiar
  2331 | D:3      | XOM: 6-stop teleportation journey
  2737 | D:3      | Reached XP level 5. HP: 47/47 MP: 5/5
  2924 | D:4      | Found Omnaevuc's Weapon Boutique.
  2928 | D:4      | XOM: give mutation
  2928 | D:4      | Gained mutation: Your muscles are strong. (Str +2) [Xom's grace]
  2995 | D:4      | Found an ornate altar of the Wu Jian Council.
  3076 | D:4      | Found a blossoming altar of Fedhas.
  3093 | D:4      | Found a hide-covered altar of Uskayaw.
  3372 | D:4      | Reached skill level 1 in Summonings
  3777 | D:4      | Found a deep blue altar of Sif Muna.
  3867 | D:5      | Entered Level 5 of the Dungeon
  3920 | D:4      | XOM: smoke on damage
  4123 | D:4      | Reached XP level 6. HP: 34/53 MP: 6/6
  4227 | D:4      | XOM: divination: magic mapping
  4231 | D:4      | XOM: god gift: 12 stones
  4569 | D:4      | XOM: scenery: 1 doors open
  5078 | D:4      | XOM: divination: detect items
  5089 | D:4      | XOM: mild Erth miscast
  5165 | D:4      | XOM: mild Air miscast
  5326 | D:4      | XOM: harmless Fire miscast
  5435 | D:4      | XOM: divination: detect creatures
  5561 | D:4      | XOM: harmless Tmut miscast
  5898 | D:4      | XOM: give mutations
  5898 | D:4      | Gained mutation: You are clumsy. (Dex -2) [Xom's mischief]
  5898 | D:4      | Gained mutation: Your spells are a little easier to cast, but a little less powerful. [Xom's mischief]
  5898 | D:4      | Lost mutation: Your spells are a little easier to cast, but a little less powerful. [Xom's mischief]
  6027 | D:5      | Found a hazy altar of Hepliaklqana.
  6057 | D:5      | Noticed an ice beast
  6063 | D:5      | XOM: blink monster(s)
  6068 | D:5      | XOM: scenery: create altars
  6074 | D:5      | XOM: summons friendly ufetubus
  6078 | D:5      | Killed an ice beast
  6078 | D:5      | Reached skill level 5 in Long Blades
  6078 | D:5      | HP: 1/55 [orc priest/divine providence (9)]
  6079 | D:5      | Slain by a hound zombie

Skill      XL: |  1  2  3  4  5  6 |
---------------+-------------------+-----
Fighting       | 4 |  4.8
Long Blades    | 4 5 |  5.1
Dodging        | 3 |  3.6
Summonings     | 1 |  1.6

Action                   |  1- 3 |  4- 6 || total
-------------------------+-------+-------++-------
Melee: Falchion          |   123 |   145 ||   268
       Tailslap          |    13 |    13 ||    26
 Cast: Call Canine Famil |       |     2 ||     2
Evoke: Wand              |       |     3 ||     3
  Use: Potion            |     5 |     7 ||    12
       Scroll            |       |     4 ||     4
 Stab: Sleeping          |     2 |     3 ||     5
       Paralysed         |       |     4 ||     4
  Eat: Chunk             |     2 |     8 ||    10
       Ration            |       |     2 ||     2
Armor: Skin              |    65 |    43 ||   108
Dodge: Dodged            |    93 |   104 ||   197
       Rpst.: Falchion   |    30 |    34 ||    64
